 Dungeon Crawl Stone Soup version 0.30-a0-385-gfebfb9b408 (webtiles) character file.

Game seed: 10317656226277281473

631 tio the Grave Robber (level 7, -5/47 HPs)
             Began as a Demonspawn Necromancer on Dec 2, 2022.
             Slain by a gnoll
             ... wielding a +2 halberd of venom
             ... led by a gnoll bouda
              (19 damage)
             ... on level 5 of the Dungeon.
             The game lasted 00:19:05 (3767 turns).

tio the Grave Robber (Demonspawn Necromancer)       Turns: 3767, Time: 00:19:06

Health: -5/47      AC:  8    Str:  8    XL:     7   Next: 24%
Magic:  6/14       EV: 11    Int: 19    God:
Gold:   228        SH:  3    Dex: 13    Spells: 15/16 levels left

rFire   + . .      SeeInvis .    t - +7 spear
rCold   x . .      Faith    .    h - +0 buckler
rNeg    + . .      Spirit   .    C - +2 robe {Will+}
rPois   .          Reflect  .    (no helmet)
rElec   .          Harm     .    u - scarf {+Inv}
rCorr   .          Rampage  .    m - +2 pair of gloves
Will    +....                    (no boots)
Stlth   ++........               k - amulet of magic regeneration
HPRegen 0.27/turn                i - ring of fire
MPRegen 0.54/turn                e - ring of positive energy

@: lethally poisoned (-5 -> -11), weakened
A: foul stench 2, sturdy frame 1, weakness stinger 1, shaggy fur 1, wild magic
1, MP-powered wands
a: Evoke Invisibility


You were on level 5 of the Dungeon.
You visited 1 branch of the dungeon, and saw 5 of its levels.

You collected 228 gold pieces.

Inventory:

Hand Weapons
 q - a +1 long sword of protection
 t - a +7 spear (weapon)
 y - a +6 dire flail of draining
Armour
 h - a +0 buckler (worn)
 m - a +2 pair of gloves (worn)
 u - a scarf of invisibility (worn)
 C - a +2 robe of willpower (worn)
Jewellery
 e - a ring of positive energy (right hand)
 g - an amulet of faith
 i - a ring of fire (left hand)
 k - an amulet of magic regeneration (around neck)
Wands
 p - a wand of mindburst (12)
 z - a wand of roots (9)
Scrolls
 l - 3 scrolls of teleportation
 n - a scroll of noise
 o - 3 scrolls of identify
 r - a scroll of magic mapping
 s - 3 scrolls of blinking
 w - a scroll of silence {unknown}
 x - a scroll of amnesia {unknown}
Potions
 b - 4 potions of magic
 c - 3 potions of brilliance
 d - a potion of might
 f - 2 potions of heal wounds
 j - 3 potions of flight
 A - a potion of degeneration {unknown}
 B - 2 potions of ambrosia {unknown}


   Skills:
 + Level 0.4 Fighting
 + Level 0.1 Short Blades
 + Level 1.1 Polearms
 + Level 0.8 Armour
 + Level 2.0 Dodging
 + Level 1.9 Stealth
 + Level 0.3 Shields
 + Level 5.1 Spellcasting
 + Level 7.1 Necromancy


You had 15 spell levels left.
You knew the following spells:

 Your Spells              Type           Power      Damage    Failure   Level
a - Necrotise             Necr           100%       1d9       1%          1

Your spell library contained the following spells:

 Spells                   Type           Power      Damage    Failure   Level
 Vampiric Draining        Necr           41%        2d8       4%          3
 Animate Dead             Necr           41%        N/A       13%         4
 Agony                    Necr           41%        N/A       34%         5


Dungeon Overview and Level Annotations

Branches:
Dungeon (5/15)
 Temple: D:4-7

Altars:
Okawaru


Innate Abilities, Weirdness & Mutations

You sometimes emit foul miasma when damaged in melee.
Your movements are slightly less encumbered by armour. (ER -2)
You have a small tail.
You are covered in fur. (AC +1)
Your spells are a little harder to cast, but a little more powerful.
You expend magic power (3 MP) to strengthen your wands.


Message History

The gnoll writhes in agony.
The gnoll hits you from afar with a +0 halberd.
You block the gnoll's attack.
The gnoll bouda barely resists.
The gnoll bouda hits you but does no damage.
The gnoll barely misses you.
The gnoll drinks a potion.
The gnoll seems to grow stronger.
The gnoll bouda writhes in agony.
The gnoll bouda gazes fiercely through you!
You feel your attacks grow feeble.
The gnoll bouda hits you with a +0 whip.
The gnoll barely misses you. The gnoll completely misses you.
The gnoll bouda writhes in agony.
The gnoll bouda closely misses you.
The gnoll hits you from afar with a +0 halberd.
The gnoll barely misses you.
The gnoll bouda writhes in agony.
The gnoll bouda gazes fiercely through you!
You feel as though you will be weak longer.
The gnoll bouda hits you with a +0 whip.
The gnoll hits you from afar with a +0 halberd.
The gnoll hits you from afar with a +2 halberd of venom!
You are poisoned.
You feel much better.
You feel very sick. The gnoll bouda barely misses you.
The gnoll hits you from afar with a +0 halberd.
The gnoll closely misses you.
Aiming: Fastroot
Press: ? - help, Q - select action, (/) - cycle Shift-Dir - straight line, p - gnoll bouda
Okay, then.
Aiming: Mindburst
Press: ? - help, Q - select action, (/) - cycle Shift-Dir - straight line, f - gnoll, p - gnoll bouda
Aim: a gnoll, wielding a +0 whip (covering ground quickly, chance to affect: 78%)
You feel a surge of power!
The gnoll bouda's mind is blasted!
You blow up the gnoll bouda!
You feel sick.
The gnoll is no longer moving quickly.
The gnoll hits you from afar with a +0 halberd!
* * * LOW HITPOINT WARNING * * *
The gnoll hits you from afar with a +2 halberd of venom!!
You die...

#####......... .....
#...#.....#### .....
#...#.....#..# ......
###'##.....#..# ......
#..........#'##
......#+##..............
.....gg.................
.....g))................
.......@................
..........###########'##
......##### #.....#.
...... #.....'. .<...
###..### ##... ######
#.. #.. #.. #.. #..


You could see 3 gnolls.

Vanquished Creatures
  Sigmund (D:5)
  Edmund (D:4)
  A scorpion (D:4)
  A hound (D:5)
  A jelly (D:5)
  A gnoll bouda (D:5)
  Ijyb (D:5)
  An orc wizard (D:4)
  8 adders
  4 gnolls
  A worm (D:2)
  2 dart slugs
  4 orcs
  7 endoplasms
  3 giant cockroaches
  4 goblins
  4 hobgoblins
  4 kobolds
  3 quokkas (D:3)
  6 ball pythons
  5 bats
  2 frilled lizards
  8 rats
73 creatures vanquished.

Vanquished Creatures (collateral kills)
  2 orcs (D:4)
2 creatures vanquished.

Grand Total: 75 creatures vanquished

Notes
Turn   | Place    | Note
-------+----------+-------------------------------------------
     0 | D:1      | tio the Demonspawn Necromancer began the quest for the Orb.
     0 | D:1      | Reached XP level 1. HP: 13/13 MP: 3/3
   174 | D:1      | Gained mutation: You have a small tail. [demonic ancestry]
   174 | D:1      | Reached XP level 2. HP: 6/19 MP: 0/5
   567 | D:1      | Reached skill level 5 in Necromancy
   881 | D:1      | Gained mutation: You sometimes lose your temper in combat.
                  | [potion of mutation]
  1070 | D:2      | Gained mutation: Your movements are slightly less
                  | encumbered by armour. (ER -2) [demonic ancestry]
  1070 | D:2      | Reached XP level 3. HP: 24/24 MP: 1/7
  1324 | D:2      | Lost mutation: You sometimes lose your temper in combat.
                  | [potion of mutation]
  1324 | D:2      | Gained mutation: You expend magic power (3 MP) to
                  | strengthen your wands. [potion of mutation]
  1324 | D:2      | Gained mutation: Your spells are a little harder to cast,
                  | but a little more powerful. [potion of mutation]
  1324 | D:2      | Gained mutation: You are covered in fur. (AC +1) [potion of
                  | mutation]
  1925 | D:3      | Identified the +7 whip "Mivah" {speed, rElec rN+ Str+4}
  2009 | D:3      | Reached XP level 4. HP: 30/30 MP: 6/8
  2932 | D:4      | Gained mutation: You may rarely emit foul miasma when
                  | damaged in melee. [demonic ancestry]
  2932 | D:4      | Reached XP level 5. HP: 35/35 MP: 10/10
  3030 | D:4      | Reached skill level 6 in Necromancy
  3033 | D:4      | Noticed Edmund
  3049 | D:4      | Killed Edmund
  3050 | D:4      | Reached XP level 6. HP: 35/41 MP: 9/12
  3497 | D:5      | Entered Level 5 of the Dungeon
  3497 | D:5      | Noticed Ijyb
  3503 | D:5      | Killed Ijyb
  3530 | D:5      | Found an iron altar of Okawaru.
  3657 | D:5      | Noticed Sigmund
  3672 | D:5      | Killed Sigmund
  3673 | D:5      | Reached skill level 1 in Polearms
  3673 | D:5      | Reached skill level 5 in Spellcasting
  3673 | D:5      | Gained mutation: You sometimes emit foul miasma when
                  | damaged in melee. [demonic ancestry]
  3673 | D:5      | Reached XP level 7. HP: 32/47 MP: 11/14
  3675 | D:5      | Reached skill level 7 in Necromancy
  3767 | D:5      | Slain by a gnoll

Illustrated notes

Levels and vault maps discovered:
D:1:      wander_arrival_estate, layout_loops_ring, minmay_fountain_box,
          st_stairs_10
D:2:      layout_loops_ring
D:3:      layout_loops_ring, kennysheep_generic_room_11
D:4:      layout_basic, fountainhead, uniq_edmund
D:5:      layout_gridville, okawaru_gym_becter, cheibrodos_sewer_entry_bend,
          kennysheep_generic_room_3, uniq_ijyb, uniq_sigmund

Skill      XL: |  1  2  3  4  5  6  7 |
---------------+----------------------+-----
Necromancy     | 5 6 7 |  7.1
Spellcasting   | 3 4 5 |  5.1
Dodging        | 2 |  2.0
Polearms       | 1 |  1.1
Fighting       | |  0.4
Short Blades   | |  0.1
Armour         | |  0.8
Stealth        | |  1.9
Shields        | |  0.3

Action                   |  1- 3 |  4- 6 |  7- 9 || total
-------------------------+-------+-------+-------++-------
Melee: Dagger            |    21 |       |       ||    21
       Tailslap          |     1 |     2 |       ||     3
       Spear             |       |    31 |       ||    31
 Cast: Necrotise         |    56 |    81 |    15 ||   152
Evoke: Wand              |       |       |     1 ||     1
  Use: Scroll            |     4 |     7 |       ||    11
       Potion            |     2 |       |     1 ||     3
 Stab: Distracted        |     1 |       |       ||     1
Armor: Robe              |     6 |       |     1 ||     7
       Ring mail         |       |    18 |     1 ||    19
Dodge: Dodged            |     9 |    24 |    10 ||    43
Block: Buckler           |     2 |    11 |     2 ||    15

Table legend: (Time is in decaauts)
 A = Elapsed time spent in this place.
 B = Non-inter-level travel time spent in this place.
 C = Inter-level travel time spent in this place.
 D = Time resting spent in this place.
 E = Time spent auto-exploring this place.
 F = Levels seen in this place.
 G = Mean time per level.
                   A        B        C        D        E       F      G
               +--------+--------+--------+--------+--------+-----+--------+
         Total |   3768 |   3516 |    252 |      0 |   3011 |   5 |  753.6 |
       Dungeon |   3768 |   3516 |    252 |      0 |   3011 |   5 |  753.6 |
               +--------+--------+--------+--------+--------+-----+--------+

Top non-repeatable levels by time:
     D:4: 947 daAuts
     D:2: 898 daAuts
     D:1: 883 daAuts
     D:3: 769 daAuts
     D:5: 270 daAuts
